 Dungeon Crawl Stone Soup version 0.30.1-4-g462c640d31 (webtiles) character file.

Game seed: 3953909601648966209

384 Kranky the Covered (level 7, -1/55 HPs)
             Began as a Formicid Wanderer on Sept 8, 2023.
             Was an Initiate of Okawaru.
             Killed by nerve-wracking pain
             ... invoked by an orc priest
              (13 damage)
             ... on level 5 of the Dungeon.
             The game lasted 00:05:45 (4409 turns).

Kranky the Covered (Formicid Wanderer)              Turns: 4409, Time: 00:05:46

Health: -1/55      AC:  8    Str: 18    XL:     7   Next: 6%
Magic:  11/11      EV:  9    Int: 14    God:    Okawaru [......]
Gold:   254        SH:  0    Dex: 11    Spells: 11/11 levels left

rFire   . . .        v - +0 halberd
rCold   . . .        (no shield)
rNeg    . . .        q - +0 scale mail
rPois   .            (helmet unavailable)
rElec   .            (no cloak)
rCorr   .            (no gloves)
SInv    +            A - +0 pair of boots
Will    .....        m - amulet of magic regeneration Stlth
                     (no ring)
HPRegen 0.29/turn    (no ring)
MPRegen 0.52/turn

%: no passive effects
@: no status effects
A: permanent stasis, dig shafts and tunnels, antennae 3, four strong arms
a: Dig, Shaft Self, Renounce Religion


You were on level 5 of the Dungeon.
You worshipped Okawaru.
Okawaru was noncommittal.
You visited 1 branch of the dungeon, and saw 5 of its levels.

You collected 254 gold pieces.

Inventory:

Hand Weapons
 a - a +0 club
 c - a +0 dagger
 t - a +1 heavy morningstar
 v - a +0 halberd (weapon)
Missiles
 u - a throwing net
 w - 6 javelins
Armour
 q - a +0 scale mail (worn)
 A - a +0 pair of boots (worn)
 B - a +0 plate armour
Jewellery
 m - an amulet of magic regeneration (around neck)
 x - a ring of willpower
 y - the amulet of False Pretenses {Reflect rC++ Str+3 Dex-3 SH+5}
   (You found it on level 3 of the Dungeon)

   [amulet of reflection]

   It reflects blocked missile attacks.
   Str:       It affects your strength (+3).
   Dex:       It affects your dexterity (-3).
   rC:        It greatly protects you from cold.
   SH:        It affects your SH (+5).
Wands
 z - a wand of iceblast (13)
Scrolls
 f - a scroll of fear {unknown}
 g - 2 scrolls of identify
 h - 2 scrolls of blinking
 i - a scroll of poison {unknown}
 j - a scroll of vulnerability
 k - a scroll of enchant armour {unknown}
 l - 4 scrolls of teleportation
 o - a scroll of enchant weapon {unknown}
 r - a scroll of magic mapping {unknown}
Potions
 b - a potion of invisibility
 d - 4 potions of heal wounds
 e - 4 potions of curing {unknown}
 n - 2 potions of ambrosia {unknown}
 p - a potion of cancellation {unknown}
 s - a potion of haste {unknown}


   Skills:
 + Level 4.5 Fighting
 + Level 5.0 Armour
 - Level 2.8 Spellcasting
 - Level 3.8 Transmutations
 - Level 3.5 Poison Magic


You had 11 spell levels left.
You didn't know any spells.
Your spell library contained the following spells:

 Spells                   Type           Power      Damage    Failure   Level
 Beastly Appendage        Tmut           24%        N/A       13%         1
 Sting                    Tmut/Pois      48%        1d5       14%         1
 Spider Form              Tmut/Pois      12%        N/A       41%         3
 Apportation              Tloc           2%         N/A       54%         1
 Kiss of Death            Conj/Necr      4%         2d5       54%         1
 Necrotise                Necr           4%         1d4       54%         1
 Olgreb's Toxic Radiance  Pois           11%        N/A       83%         4
 Confusing Touch          Hex            1%         N/A       89%         3
 Alistair's Intoxication  Tmut/Pois      8%         N/A       99%         5
 Dispel Undead            Necr           1%         3d6       100%        4
 Borgnjor's Vile Clutch   Necr/Erth      0%         N/A       100%        5
 Eringya's Noxious Bog    Tmut/Pois      6%         N/A       100%        6
 Summon Small Mammal      Summ           Unusable   N/A       N/A         1

Dungeon Overview and Level Annotations

Branches:
Dungeon (5/15)
 Temple: D:4-7

Altars:
Fedhas
Gozag
Nemelex Xobeh
Okawaru
The Shining One


Innate Abilities, Weirdness & Mutations

You cannot be hasted, slowed, berserked, paralysed or teleported.
You can dig through walls and to a lower floor.
You have a pair of large antennae on your head. (SInv)
Your four strong arms can wield two-handed weapons with a shield.


Message History

* * * LOW HITPOINT WARNING * * *
The orc hits you but does no damage.
Reach: v) +0 halberd
Press: ? - help, Dir - move target, f/p - orc priest
Aim: an orc priest, wielding a +0 club (about 53% to evade your +0 halberd)
The orc is in the way.
You hit the orc.
The orc is almost dead.
The orc hits you but does no damage. The orc hits you with a +0 club.
* * * LOW HITPOINT WARNING * * *
Reach: v) +0 halberd
Press: ? - help, Dir - move target, f/p - orc priest
Aim: an orc priest, wielding a +0 club (about 53% to evade your +0 halberd)
You reach to attack!
You hit the orc priest.
The orc priest is moderately wounded.
The orc barely misses you.
Unknown command.
Reach: v) +0 halberd
Press: ? - help, Dir - move target, f/p - orc priest
Aim: an orc priest, wielding a +0 club (moderately wounded, about 53% to evade your +0 halberd)
You reach to attack!
You hit the orc priest but do no damage.
The orc priest is moderately wounded.
The orc hits you but does no damage. The orc hits you with a +0 club.
* * * LOW HITPOINT WARNING * * *
Reach: v) +0 halberd
Press: ? - help, Dir - move target, f/p - orc priest
Aim: an orc priest, wielding a +0 club (moderately wounded, about 53% to evade your +0 halberd)
The orc is in the way.
You hit the orc.
You kill the orc!
Okawaru accepts your kill.
Reach: v) +0 halberd
Press: ? - help, Dir - move target, f/p - orc priest
Aim: an orc priest, wielding a +0 club (moderately wounded, about 53% to evade your +0 halberd)
You closely miss the orc priest.
The orc priest is moderately wounded.
You hear the rusting of a drain nearby.
The orc priest closely misses you.
The orc priest calls down the wrath of Beogh upon you.
Pain shoots through your body!
You die...

##.....####.#
#........##.#
#..........####
############...##.<..<....
.o..............####..####
.................###..###.
................†......#..
.......####.#.###.........
........o@........####...#
.....$.####.#.########...#
.$..... #..#.# ####...###
....... #..#.###....#..##
....... ...#.#...####...[
#...... .#.##.....##.....#
##.#...#... #............#
#.##... ## #.....#..###.#
.##..###.....#.## #..


You could see an orc priest.

Vanquished Creatures
  2 scorpions
  2 hounds
  A sleepcap (D:5)
  An iguana (D:5)
  A gnoll (D:3)
  6 adders
  3 worms
  A dart slug (D:2)
  6 orcs
  9 ball pythons
  7 endoplasms
  3 giant cockroaches
  12 goblins
  8 hobgoblins
  3 jackals (D:2)
  3 kobolds
  3 quokkas
  6 bats
  2 frilled lizards (D:1)
  6 rats
85 creatures vanquished.

Notes
Turn   | Place    | Note
-------+----------+-------------------------------------------
     0 | D:1      | Kranky the Formicid Wanderer began the quest for the Orb.
     0 | D:1      | Kranky set off with the following items: a +0 club, a
                  | potion of invisibility, a +0 scale mail; and the following
                  | spells available to memorise: Beastly Appendage, Sting,
                  | Spider Form, Olgreb's Toxic Radiance.
     0 | D:1      | Reached XP level 1. HP: 15/15 MP: 3/3
    66 | D:1      | Reached XP level 2. HP: 15/21 MP: 5/5
  1059 | D:2      | Reached XP level 3. HP: 5/27 MP: 6/6
  1715 | D:2      | Reached XP level 4. HP: 32/33 MP: 6/8
  2480 | D:3      | Reached skill level 3 in Armour
  2752 | D:3      | Reached XP level 5. HP: 39/39 MP: 9/9
  2947 | D:3      | Identified the amulet of False Pretenses {Reflect rC++
                  | Str+3 Dex-3 SH+5}
  3411 | D:4      | Reached skill level 4 in Armour
  3411 | D:4      | Reached XP level 6. HP: 39/47 MP: 10/10
  3769 | D:4      | Found a glowing golden altar of the Shining One.
  3770 | D:4      | Found a blossoming altar of Fedhas.
  3773 | D:4      | Found a sparkling altar of Nemelex Xobeh.
  3774 | D:4      | Found an iron altar of Okawaru.
  3968 | D:4      | Found an opulent altar of Gozag.
  4193 | D:4      | Became a worshipper of Warmaster Okawaru
  4233 | D:5      | Entered Level 5 of the Dungeon
  4352 | D:5      | Reached skill level 5 in Armour
  4352 | D:5      | Reached XP level 7. HP: 19/55 MP: 11/11
  4409 | D:5      | Killed from afar by an orc priest

Illustrated notes

Levels and vault maps discovered:
D:1:      minmay_arrival_four_circles, layout_loops_ring
D:2:      layout_basic
D:3:      minmay_bubble_buster, layout_rooms, minmay_stone_trees_small,
          serial_bayou_pond_c, chequers_serial_rivers_room_b,
          hangedman_decor_growths
D:4:      layout_loops_ring, minitemple, overflow_temple_1_default
D:5:      layout_rooms, mainiacjoe_overflow_two_lobes, gup_sewer_entry_bowl,
          serial_bayou, serial_bayou_pond_e, serial_bayou_pond_e,
          serial_bayou_pond_e, serial_bayou_ford_a, serial_bayou_pond_c

Skill      XL: |  1  2  3  4  5  6 |
---------------+-------------------+-----
Poison Magic   | 3 |  3.5
Fighting       | 2 3 4 |  4.5
Armour         | 3 4 5 |  5.0
Spellcasting   | |  2.8
Transmutations | |  3.8

Action                     |  1- 3 |  4- 6 |  7- 9 || total
---------------------------+-------+-------+-------++-------
  Melee: Club              |    90 |       |       ||    90
         Dagger            |   120 |    85 |       ||   205
         Punch             |     3 |     4 |       ||     7
         Morningstar       |       |    11 |       ||    11
         Halberd           |       |   139 |    16 ||   155
    Use: Scroll            |       |     4 |       ||     4
 Armour: Scale mail        |    90 |   133 |     9 ||   232
         Ring mail         |    15 |       |       ||    15
  Dodge: Dodged            |   115 |   144 |     3 ||   262
